 Dungeon Crawl Stone Soup version 0.31-a0-229-g1fc7ce93e2 (webtiles) character file.

Game seed: 5249808403328014871

69005 qw the Warrior (level 15, -4/105 HPs)
             Began as a Gargoyle Hexslinger on July 6, 2023.
             Was an Elder of Okawaru.
             Killed by divine providence
             ... invoked by a smoke demon
             ... summoned by an orc sorcerer
              (12 damage)
             ... on level 1 of the Orcish Mines.
             The game lasted 00:09:26 (17490 turns).

qw the Warrior (Gargoyle Hexslinger)               Turns: 17490, Time: 00:09:27

Health: -4/105     AC: 22    Str: 12    XL:     15   Next: 28%
Magic:  22/22      EV: 24    Int: 15    God:    Okawaru [****..]
Gold:   1871       SH:  0    Dex: 24    Spells: 15/16 levels left

rFire   . . .        x - +1 orcbow (heavy)
rCold   . . .        (shield currently unavailable)
rNeg    + . .        q - +0 troll leather armour
rPois   inf          g - +2 hat {Will+}
rElec   +            t - scarf {repulsion}
rCorr   .            (no gloves)
SInv    .            i - +2 pair of boots
Will    ++...        s - amulet of regeneration
Stlth   +++          j - +6 ring of dexterity
HPRegen 1.97/turn    l - +4 ring of protection
MPRegen 0.18/turn

%: repel missiles
@: heroic, corroded, flying
A: sickness immunity, AC +11, big wings, negative energy resistance 1,
electricity resistance, torment resistance 1, petrification resistance
a: Renounce Religion, Heroism, Finesse


You were on level 1 of the Orcish Mines.
You worshipped Okawaru.
Okawaru was greatly pleased with you.
You visited 4 branches of the dungeon, and saw 22 of its levels.

You collected 2287 gold pieces.
You spent 416 gold pieces at shops.


Innate Abilities, Weirdness & Mutations

You are immune to sickness and miasma.
Your stone body is resilient. (AC +11)
You are immune to poison.
Your large and strong wings let you fly.
You resist negative energy. (rN+)
You are resistant to electric shocks. (rElec)
You are resistant to unholy torment.
You are immune to petrification.


   Skills:
 - Level 16.5(21.5) Fighting
 + Level 15.7(20.7) Ranged Weapons
 - Level 6.0(11.0) Armour
 - Level 10.0(15.0) Dodging
 - Level 1.0 Spellcasting
 - Level 2.6 Hexes
 - Level 10.0 Invocations


You had 15 spell levels left.
You knew the following spells:

 Your Spells              Type           Power      Damage    Failure   Level
a - Slow                  Hex            32%        N/A       10%         1

Your spell library contained the following spells:

 Spells                   Type           Power      Damage    Failure   Level
 Inner Flame              Hex/Fire       4%         N/A       45%         3
 Portal Projectile        Hex/Tloc       8%         N/A       45%         3
 Cause Fear               Hex            4%         N/A       69%         4

Inventory:

Hand Weapons
 x - a +1 heavy orcbow (weapon)
Armour
 g - a +2 hat of willpower (worn)
 i - a +2 pair of boots (worn)
 q - a +0 troll leather armour (worn)
 t - a scarf of repulsion (worn)
 u - a +0 leather armour of fire resistance
 v - a +2 helmet
Jewellery
 j - a +6 ring of dexterity (left hand)
 l - a +4 ring of protection (right hand)
 r - a ring of protection from fire
 s - an amulet of regeneration (around neck)
Scrolls
 a - 3 scrolls of identify
 c - 4 scrolls of teleportation
 k - 2 scrolls of enchant armour
Potions
 b - 7 potions of mutation
 d - 2 potions of resistance
 e - a potion of might
 f - 5 potions of heal wounds
 h - 3 potions of cancellation
 m - a potion of magic
 n - 3 potions of enlightenment
 o - 2 potions of curing

Dungeon Overview and Level Annotations

Branches:
Dungeon (15/15)            Temple (1/1) D:5            Lair (5/5) D:9
 Shoals (0/4) Lair:3        Snake (0/4) Lair:3        Slime (0/5) Lair:5
    Orc (1/2) D:12         Vaults (0/5) D:13         Depths (0/4) D:15

Altars:
Ashenzari
Cheibriados
Dithmenos
Elyvilon
Fedhas
Gozag
Hepliaklqana
Kikubaaqudgha
Makhleb
Nemelex Xobeh
Okawaru
Qazlal
Ru
Sif Muna
Trog
Uskayaw
Vehumet
Wu Jian
Xom
Yredelemnul
Zin
The Shining One

Shops:
D:9 [

Annotations:
D:7 1 runed translucent door
Lair:3 1 runed translucent door, qw's ghost, journeyman GrFi
Lair:4 3 runed translucent doors, qw's ghost, journeyman DEHu


Message History

The orc warrior hits you with a +0 long sword!
The orc warrior completely misses you. The sixfirhy closely misses you.
You shoot an arrow. The arrow hits the sixfirhy.
The sixfirhy is heavily wounded.
The sixfirhy misses you. The sixfirhy closely misses you.
The sixfirhy hits you but does no damage.
The orc warrior hits you with a +0 flail of draining.
Something hits you but does no damage.
The orc priest hits you but does no damage.
The orc priest looks braver for a moment.
The orc warrior completely misses you. The orc warrior misses you.
The orc warrior hits you but does no damage.
The orc high priest closely misses you. The orc sorcerer closely misses you.
You shoot an arrow. The arrow hits the sixfirhy!
The sixfirhy is severely wounded.
You hear some strange, mumbled words.
A magic dart appears from out of thin air!
The magic dart hits you! The orc sorcerer misses you.
The orc priest misses you.
An ogre comes into view. It is wielding a +0 giant club.
The orc warrior completely misses you.
The orc warrior hits you with a +0 long sword.
The orc warrior hits you but does no damage.
The orc high priest barely misses you.
The orc warrior hits you with a +0 flail of draining!
The orc priest miscasts a cantrip.
The orc priest calls down the wrath of Beogh upon you.
Beogh smites you!
The orc warrior hits you with a +0 dire flail.
The orc priest mumbles some strange prayers to Beogh against you.
Something writhes in agony!
Something barely misses you.
The orc sorcerer mumbles some strange words.
The orc warrior closely misses you.
The orc warrior hits you with a +0 long sword!
The orc priest barely misses you.
The orc warrior hits you with a +0 flail of draining!
The orc high priest hits you but does no damage.
17490 ||| STAIRDANCE The smoke demon gestures at you.
Something smites you!
You die...

...............
...............
.#.............
...............
..............#
......ooo......
......o{oo4....
.....oo@o4o....
..#..o3oo3....#
.....oooo.....#
.O.....o.......
...............
...............
.....#.........
...##.........#


You could see an orc high priest, 2 orange demons, a sixfirhy (summoned), a
smoke demon (summoned), an orc sorcerer, 6 orc warriors, an ogre, 3 orc priests,
an orc wizard and 6 orcs.

Vanquished Creatures
  Rupert (Lair:3)
  Gastronok (Lair:2)
  A stone giant (D:15)
  A rakshasa (D:13)
  Harold (D:9)
  2 catoblepae
  A vault guard (D:13)
  3 hydras
  A death knight (D:15)
  An ogre mage (D:15)
  3 boulder beetles
  6 death yaks (Lair:5)
  8 two-headed ogres
  6 centaur warriors
  A deep troll shaman (Lair:5)
  A skeletal warrior (D:13)
  3 deep elf pyromancers
  A wizard (D:14)
  3 cyclopes
  A salamander (Lair:3)
  3 merfolk sirens (Lair:3)
  A guardian serpent (D:11)
  8 elephants (Lair:5)
  15 cane toads
  5 black mambas
  Maggie (D:7)
  8 gargoyles
  2 rime drakes
  An efreet (D:13)
  4 yaktaurs (D:15)
  7 komodo dragons
  2 unseen horrors
  2 trolls (D:12)
  A troll (shapeshifter) (D:15)
  3 meliai (D:14)
  A polar bear (Lair:1)
  A hornet (D:5)
  A merfolk (Lair:3)
  A wind drake (shapeshifter) (D:14)
  Prince Ribbit (D:7)
  28 blink frogs
  A shadow (D:9)
  A slime creature (D:14)
  A vampire (D:11)
  A wraith (D:12)
  4 wyverns
  42 yaks
  2 basilisks
  2 steam dragons
  18 vampire mosquitoes
  Menkaure (D:7)
  Duvessa (D:5)
  An acid dragon (D:9)
  12 water moccasins
  7 orc warriors
  5 black bears
  A sky beast (D:6)
  8 centaurs
  16 wolves
  3 ogres
  3 phantoms
  2 kobold brigands
  11 bullfrogs
  10 scorpions
  Dowan (D:5)
  6 killer bees (D:9)
  A howler monkey (D:13)
  3 electric eels (D:9)
  2 lava snakes (Lair:3)
  7 hounds
  A gnoll bouda (D:8)
  9 orc priests
  3 jellies
  A sleepcap (D:5)
  6 iguanas
  13 orc wizards
  11 gnolls
  11 adders
  A shadow imp (D:7)
  2 worms
  4 dart slugs
  49 orcs
  5 bats
  4 endoplasms
  5 giant cockroaches
  12 goblins
  8 hobgoblins
  2 quokkas (D:1)
  6 ball pythons
  6 frilled lizards
  22 kobolds
  A kobold skeleton (D:7)
  5 rats (D:1)
502 creatures vanquished.

Notes
Turn   | Place    | Note
-------+----------+-------------------------------------------
     0 | D:1      | qw the Gargoyle Hexslinger began the quest for the Orb.
     0 | D:1      | Reached XP level 1. HP: 12/12 MP: 2/2
     0 | D:1      | 0 ||| qw: Version: 0.3-a-46-gb1f654a
     0 | D:1      | 0 ||| qw: Game counter: 1340
     0 | D:1      | 0 ||| qw: Melee chars always use a shield: true
     0 | D:1      | 0 ||| qw: God list: Okawaru
     0 | D:1      | 0 ||| qw: Allow faded altars: false
     0 | D:1      | 0 ||| qw: Do Orc after clearing Dungeon:15 true
     0 | D:1      | 0 ||| qw: Do second Lair branch before Depths: true
     0 | D:1      | 0 ||| qw: Lair rune preference: random
     0 | D:1      | 0 ||| qw: Goals: Normal
     0 | D:1      | 0 ||| PLANNING D:1-11
    62 | D:1      | Reached XP level 2. HP: 16/16 MP: 3/3
   156 | D:1      | Reached skill level 3 in Ranged Weapons
   298 | D:1      | Reached skill level 2 in Fighting
   298 | D:1      | Reached XP level 3. HP: 21/21 MP: 4/4
   633 | D:1      | 633 ||| UPGRADING to +0 ring mail.
   643 | D:1      | 643 ||| DROPPING +0 robe.
   644 | D:1      | 644 ||| UPGRADING to +4 ring of protection.
   645 | D:1      | 645 ||| READING scroll labelled JIRETO XEULLEN.
   646 | D:1      | 646 ||| DROPPING scroll of poison.
   738 | D:2      | 738 ||| STAIRDANCE
   930 | D:2      | Reached XP level 4. HP: 13/26 MP: 5/5
  1014 | D:2      | Reached skill level 1 in Armour
  1357 | D:2      | Identified the +11 sling of the Past {speed, Int+4 Stlth+}
  1359 | D:2      | 1359 ||| SWAPPING to +11 sling of the Past {speed, Int+4
                  | Stlth+}.
  1360 | D:2      | 1360 ||| DROPPING +1 sling.
  1422 | D:2      | 1422 ||| DROPPING ring of wizardry.
  1423 | D:2      | 1423 ||| READING scroll labelled ZOGHOMP KO RAPS.
  1424 | D:2      | 1424 ||| READING scroll labelled ZON GI LIE.
  1660 | D:3      | Reached XP level 5. HP: 30/30 MP: 6/6
  1844 | D:3      | 1844 ||| DRINKING 3 dark potions.
  1858 | D:4      | Reached skill level 3 in Fighting
  1858 | D:4      | Reached XP level 6. HP: 37/37 MP: 7/7
  1865 | D:4      | 1865 ||| Stepping ~*~*~tactically~*~*~ (outnumbered).
  1893 | D:4      | Reached skill level 6 in Ranged Weapons
  1973 | D:4      | Reached skill level 4 in Fighting
  2007 | D:4      | Reached XP level 7. HP: 43/43 MP: 8/8
  2371 | D:5      | Entered Level 5 of the Dungeon
  2578 | D:5      | Found a staircase to the Ecumenical Temple.
  2579 | D:5      | 2579 ||| PLANNING TEMPLE
  2584 | D:5      | Reached XP level 8. HP: 48/48 MP: 9/9
  2587 | D:5      | 2587 ||| Stepping ~*~*~tactically~*~*~ (outnumbered).
  2597 | D:5      | 2597 ||| FLEEEEING.
  2598 | D:5      | 2598 ||| FLEEEEING.
  2599 | D:5      | 2599 ||| FLEEEEING.
  2600 | D:5      | 2600 ||| FLEEEEING.
  2601 | D:5      | 2601 ||| FLEEEEING.
  2602 | D:5      | 2602 ||| FLEEEEING.
  2603 | D:5      | 2603 ||| FLEEEEING.
  2604 | D:5      | 2604 ||| FLEEEEING.
  2605 | D:5      | 2605 ||| FLEEEEING.
  2606 | D:5      | 2606 ||| FLEEEEING.
  2608 | D:5      | 2608 ||| FLEEEEING.
  2609 | D:5      | 2609 ||| FLEEEEING.
  2610 | D:5      | 2610 ||| FLEEEEING.
  2611 | D:5      | 2611 ||| FLEEEEING.
  2612 | D:5      | 2612 ||| FLEEEEING.
  2613 | D:5      | 2613 ||| FLEEEEING.
  2614 | D:5      | 2614 ||| FLEEEEING.
  2615 | D:5      | 2615 ||| FLEEEEING.
  2616 | D:5      | 2616 ||| FLEEEEING.
  2617 | D:5      | 2617 ||| FLEEEEING.
  2618 | D:5      | 2618 ||| FLEEEEING.
  2619 | D:5      | 2619 ||| FLEEEEING.
  2620 | D:5      | 2620 ||| FLEEEEING.
  2621 | D:5      | 2621 ||| FLEEEEING.
  2622 | D:5      | 2622 ||| FLEEEEING.
  2623 | D:5      | 2623 ||| FLEEEEING.
  2624 | D:5      | 2624 ||| FLEEEEING.
  2625 | D:5      | 2625 ||| FLEEEEING.
  2626 | D:5      | 2626 ||| FLEEEEING.
  2627 | D:5      | 2627 ||| FLEEEEING.
  2631 | D:5      | Reached skill level 5 in Fighting
  2643 | D:5      | 2643 ||| READING scroll labelled VOALEJA RUEMA.
  2644 | D:5      | 2644 ||| READING scroll labelled EDAPHI ASTRUTZ.
  2651 | D:5      | Noticed a hornet
  2661 | D:5      | Killed a hornet
  2796 | Temple   | Entered the Ecumenical Temple
  2809 | Temple   | 2809 ||| PLANNING OKAWARU WORSHIP
  2857 | Temple   | Became a worshipper of Warmaster Okawaru
  2858 | Temple   | 2858 ||| PLANNING D:1-11
  2901 | D:5      | Reached skill level 9 in Ranged Weapons
  3093 | D:5      | Found an opulent altar of Gozag.
  3286 | D:6      | 3286 ||| STAIRDANCE
  3322 | D:6      | Noticed Duvessa
  3322 | D:6      | Noticed Dowan
  3335 | D:6      | 3335 ||| STAIRDANCE
  3338 | D:5      | Killed Duvessa
  3339 | D:5      | Reached skill level 6 in Fighting
  3343 | D:5      | Killed Dowan
  3425 | D:5      | 3425 ||| UPGRADING to +0 robe of cold resistance.
  3447 | D:6      | Reached XP level 9. HP: 49/55 MP: 10/10
  3447 | D:6      | 3447 ||| STAIRDANCE
  3478 | D:6      | Reached * piety under Okawaru
  3485 | D:6      | 3485 ||| INVOKING Heroism.
  3629 | D:6      | You fall into a shaft and drop 3 floors!
  3790 | D:8      | Noticed a two-headed ogre
  3791 | D:8      | 3791 ||| INVOKING Heroism.
  3796 | D:8      | Killed a two-headed ogre
  3897 | D:8      | Found a radiant altar of Vehumet.
  3897 | D:8      | Found a hazy altar of Hepliaklqana.
  3898 | D:8      | 3898 ||| Stepping ~*~*~tactically~*~*~ (outnumbered).
  3900 | D:8      | 3900 ||| INVOKING Heroism.
  3905 | D:8      | Reached skill level 1 in Invocations
  3925 | D:8      | Identified the +7 kite shield of Contentment {rN+}
  3981 | D:8      | 3981 ||| INVOKING Heroism.
  4014 | D:8      | 4014 ||| UPGRADING to +0 helmet.
  4019 | D:8      | 4019 ||| READING scroll labelled NUJUOC GYIF.
  4020 | D:8      | 4020 ||| DRINKING 2 glowing sapphire potions.
  4021 | D:8      | 4021 ||| READING 2 scrolls of identify.
  4021 | D:8      | 4021 ||| IDENTIFYING fizzy emerald potion
  4030 | D:7      | Found a runed translucent door.
  4031 | D:7      | Found a basalt altar of Yredelemnul.
  4037 | D:7      | 4037 ||| INVOKING Heroism.
  4068 | D:7      | 4068 ||| INVOKING Heroism.
  4107 | D:7      | Reached skill level 3 in Invocations
  4112 | D:7      | Found a hide-covered altar of Uskayaw.
  4157 | D:6      | Reached skill level 7 in Fighting
  4250 | D:6      | 4250 ||| INVOKING Heroism.
  4256 | D:6      | Reached XP level 10. HP: 63/63 MP: 9/12
  4300 | D:6      | 4300 ||| INVOKING Heroism.
  4484 | D:6      | 4484 ||| UPGRADING to ring of willpower.
  4485 | D:6      | 4485 ||| DRINKING 2 clear potions.
  4590 | D:6      | 4590 ||| READING 2 scrolls of identify.
  4590 | D:6      | 4590 ||| IDENTIFYING bubbling amethyst potion
  4591 | D:6      | 4591 ||| DROPPING potion of berserk rage.
  4598 | D:7      | Noticed Menkaure
  4599 | D:7      | 4599 ||| INVOKING Heroism.
  4607 | D:7      | Killed Menkaure
  4704 | D:7      | Noticed Maggie
  4716 | D:7      | Killed Maggie
  4772 | D:7      | 4772 ||| Stepping ~*~*~tactically~*~*~ (outnumbered).
  4777 | D:7      | 4777 ||| INVOKING Heroism.
  4851 | D:7      | Found a shimmering blue altar of Sif Muna.
  4999 | D:7      | Noticed Prince Ribbit
  5016 | D:7      | Killed Prince Ribbit
  5017 | D:7      | Reached skill level 8 in Fighting
  5108 | D:7      | 5108 ||| DROPPING +0 ring mail.
  5109 | D:7      | 5109 ||| UPGRADING to +0 steam dragon scales.
  5119 | D:7      | 5119 ||| DROPPING +0 robe of cold resistance.
  5120 | D:7      | 5120 ||| UPGRADING to +2 ring mail of cold resistance.
  5130 | D:7      | 5130 ||| DROPPING +0 steam dragon scales.
  5131 | D:7      | 5131 ||| READING 2 scrolls of identify.
  5131 | D:7      | 5131 ||| IDENTIFYING inky potion
  5353 | D:8      | 5353 ||| DROPPING ring of ice.
  5354 | D:8      | 5354 ||| UPGRADING to +6 ring of dexterity.
  5356 | D:8      | 5356 ||| UPGRADING to +4 ring of protection.
  5358 | D:8      | 5358 ||| DROPPING ring of willpower.
  5359 | D:8      | 5359 ||| READING scroll labelled KOFROL QOTTOCU.
  5381 | D:9      | Found a staircase to the Lair.
  5410 | D:9      | Noticed Harold
  5411 | D:9      | 5411 ||| INVOKING Heroism.
  5426 | D:9      | Killed Harold
  5426 | D:9      | Reached ** piety under Okawaru
  5471 | D:9      | 5471 ||| INVOKING Heroism.
  5636 | D:9      | 5636 ||| INVOKING Heroism.
  5638 | D:9      | Reached skill level 12 in Ranged Weapons
  5663 | D:9      | 5663 ||| INVOKING Heroism.
  5745 | D:9      | Reached XP level 11. HP: 68/68 MP: 14/14
  5750 | D:9      | 5750 ||| INVOKING Heroism.
  5768 | D:9      | Noticed a two-headed ogre
  5773 | D:9      | Killed a two-headed ogre
  5778 | D:9      | Found Minwast's Antique Armour Boutique.
  5838 | D:9      | Found a sparkling altar of Nemelex Xobeh.
  5838 | D:9      | Found a bloodstained altar of Trog.
  5845 | D:9      | Noticed a two-headed ogre
  5846 | D:9      | 5846 ||| INVOKING Heroism.
  5850 | D:9      | Killed a two-headed ogre
  5967 | D:9      | Identified the +0 ring mail of Mijican {rN+}
  6022 | D:9      | Reached *** piety under Okawaru
  6106 | D:9      | 6106 ||| INVOKING Heroism.
  6192 | D:9      | 6192 ||| INVOKING Heroism.
  6198 | D:9      | Reached skill level 9 in Fighting
  6368 | D:9      | 6368 ||| INVOKING Heroism.
  6655 | D:9      | Found a glowing golden altar of the Shining One.
  6658 | D:9      | Found a sacrificial altar of Ru.
  6660 | D:9      | Found a broken altar of Ashenzari.
  6665 | D:9      | Found a stormy altar of Qazlal.
  6808 | D:9      | 6808 ||| BUYING embroidered scarf (256 gold).
  6808 | D:9      | Bought an embroidered scarf for 256 gold pieces
  6808 | D:9      | 6808 ||| BUYING glowing leather armour (160 gold).
  6808 | D:9      | Bought a glowing leather armour for 160 gold pieces
  6808 | D:9      | 6808 ||| SHOPLISTING pair of boots (144 gold, have 97).
  6808 | D:9      | 6808 ||| PLANNING LAIR
  6808 | D:9      | 6808 ||| DROPPING +1 robe of fire resistance.
  6809 | D:9      | 6809 ||| DROPPING +0 ring mail of Mijican {rN+}.
  6810 | D:9      | 6810 ||| UPGRADING to scarf of repulsion.
  6815 | D:9      | 6815 ||| READING scroll labelled QIK ZYIW NUNIC.
  6816 | D:9      | 6816 ||| READING 3 scrolls labelled OMUTZI ICZAWYST.
  6864 | D:9      | 6864 ||| READING scroll labelled TOR VY KISACEA.
  6965 | D:9      | 6965 ||| DRINKING 2 smoky orange potions.
  6966 | D:9      | 6966 ||| DROPPING potion of brilliance.
  6967 | D:9      | 6967 ||| DROPPING 2 scrolls of torment.
  7047 | Lair:1   | Entered Level 1 of the Lair of Beasts
  7048 | Lair:1   | 7048 ||| INVOKING Heroism.
  7144 | Lair:1   | 7144 ||| INVOKING Heroism.
  7225 | Lair:1   | 7225 ||| INVOKING Heroism.
  7334 | Lair:1   | 7334 ||| INVOKING Heroism.
  7360 | Lair:1   | Reached **** piety under Okawaru
  7367 | Lair:1   | 7367 ||| INVOKING Heroism.
  7443 | Lair:1   | 7443 ||| INVOKING Heroism.
  7450 | Lair:1   | Reached skill level 10 in Fighting
  7478 | Lair:1   | Noticed a catoblepas
  7479 | Lair:1   | 7479 ||| INVOKING Heroism.
  7493 | Lair:1   | Killed a catoblepas
  7616 | Lair:1   | Reached XP level 12. HP: 77/77 MP: 15/15
  7676 | Lair:1   | 7676 ||| INVOKING Heroism.
  7746 | Lair:1   | 7746 ||| INVOKING Heroism.
  7986 | Lair:1   | 7986 ||| READING scroll labelled FOEFOF YLUN.
  7987 | Lair:1   | 7987 ||| DRINKING 2 green potions.
  7988 | Lair:1   | 7988 ||| READING 2 scrolls of identify.
  7988 | Lair:1   | 7988 ||| IDENTIFYING black potion
  8023 | Lair:2   | 8023 ||| FLEEEEING.
  8027 | Lair:2   | Noticed Gastronok
  8028 | Lair:2   | 8028 ||| INVOKING Heroism.
  8044 | Lair:2   | Killed Gastronok
  8045 | Lair:2   | Reached skill level 11 in Fighting
  8209 | Lair:2   | 8209 ||| INVOKING Heroism.
  8241 | Lair:2   | 8241 ||| INVOKING Heroism.
  8246 | Lair:2   | Reached skill level 6 in Invocations
  8301 | Lair:2   | Reached skill level 6 in Dodging
  8395 | Lair:2   | 8395 ||| INVOKING Heroism.
  8673 | Lair:2   | 8673 ||| INVOKING Heroism.
  8896 | Lair:2   | 8896 ||| UPGRADING to +2 hat of willpower.
  8906 | Lair:2   | 8906 ||| DROPPING +0 helmet.
  8907 | Lair:2   | 8907 ||| READING scroll labelled ETAXOHYEPH.
  8934 | Lair:3   | Reached skill level 12 in Fighting
  8983 | Lair:3   | Found a runed translucent door.
  8984 | Lair:3   | Found a shimmering altar of Xom.
  8984 | Lair:3   | Noticed qw's ghost (journeyman GrFi)
  9025 | Lair:3   | 9025 ||| INVOKING Heroism.
  9160 | Lair:3   | 9160 ||| Stepping ~*~*~tactically~*~*~ (water).
  9240 | Lair:3   | Reached ***** piety under Okawaru
  9292 | Lair:3   | 9292 ||| INVOKING Heroism.
  9360 | Lair:3   | 9360 ||| Stepping ~*~*~tactically~*~*~ (outnumbered).
  9366 | Lair:3   | Reached XP level 13. HP: 74/86 MP: 19/19
  9373 | Lair:3   | 9373 ||| Stepping ~*~*~tactically~*~*~ (outnumbered).
  9388 | Lair:3   | Reached skill level 9 in Invocations
  9428 | Lair:3   | Found a staircase to the Shoals.
  9479 | Lair:3   | Noticed Rupert
  9480 | Lair:3   | 9480 ||| INVOKING Heroism.
  9481 | Lair:3   | 9481 ||| UPGRADING to amulet of regeneration.
  9486 | Lair:3   | 9486 ||| Stepping ~*~*~tactically~*~*~ (water).
  9503 | Lair:3   | Killed Rupert
  9723 | Lair:3   | Found a staircase to the Snake Pit.
  9734 | Lair:3   | 9734 ||| INVOKING Heroism.
 10006 | Lair:3   | 10006 ||| READING 2 scrolls labelled ANANYI VASYO.
 10007 | Lair:3   | 10007 ||| READING 2 scrolls labelled COMYAHAFYS.
 10008 | Lair:3   | 10008 ||| READING 2 scrolls labelled DUKHLU BOHISUAR.
 10009 | Lair:3   | 10009 ||| DROPPING scroll of butterflies.
 10010 | Lair:3   | 10010 ||| DROPPING scroll of noise.
 10066 | Lair:4   | 10066 ||| INVOKING Heroism.
 10148 | Lair:4   | Found a runed translucent gate.
 10148 | Lair:4   | Found a runed translucent gate.
 10148 | Lair:4   | Found a runed translucent gate.
 10149 | Lair:4   | Noticed qw's ghost (journeyman DEHu)
 10798 | Lair:4   | 10798 ||| DROPPING +6 ring of strength.
 10799 | Lair:4   | 10799 ||| READING scroll labelled XAPSASE TILAQ.
 10799 | Lair:4   | Identified a scroll of acquirement
 10799 | Lair:4   | 10799 ||| ACQUIRING 869 gold pieces
 10799 | Lair:4   | Acquired 869 gold pieces
 10801 | Lair:4   | 10801 ||| READING 2 scrolls of identify.
 10801 | Lair:4   | 10801 ||| IDENTIFYING murky pink potion
 10802 | Lair:4   | 10802 ||| DROPPING potion of lignification.
 10813 | Lair:5   | Entered Level 5 of the Lair of Beasts
 10814 | Lair:5   | 10814 ||| INVOKING Heroism.
 10887 | Lair:5   | 10887 ||| INVOKING Heroism.
 10899 | Lair:5   | Reached skill level 13 in Fighting
 10946 | Lair:5   | 10946 ||| INVOKING Heroism.
 11015 | Lair:5   | 11015 ||| INVOKING Heroism.
 11026 | Lair:5   | HP: 20/89 [wolf (8)]
 11027 | Lair:5   | 11027 ||| READING 5 scrolls of teleportation.
 11028 | Lair:5   | 11028 ||| DRINKING 5 potions of heal wounds.
 11043 | Lair:5   | Reached skill level 14 in Fighting
 11142 | Lair:5   | 11142 ||| INVOKING Heroism.
 11162 | Lair:5   | Received a gift from Okawaru
 11223 | Lair:5   | 11223 ||| INVOKING Heroism.
 11342 | Lair:5   | Found an ancient bone altar of Kikubaaqudgha.
 11430 | Lair:5   | 11430 ||| INVOKING Heroism.
 11431 | Lair:5   | 11431 ||| INVOKING Finesse.
 11451 | Lair:5   | Reached skill level 6 in Armour
 11494 | Lair:5   | Gained mutation: Your large and strong wings let you fly.
                  | [Gargoyle growth]
 11494 | Lair:5   | Reached XP level 14. HP: 45/96 MP: 16/21
 11540 | Lair:5   | 11540 ||| FLEEEEING.
 11543 | Lair:5   | 11543 ||| FLEEEEING.
 11544 | Lair:5   | 11544 ||| FLEEEEING.
 11545 | Lair:5   | 11545 ||| FLEEEEING.
 11546 | Lair:5   | 11546 ||| FLEEEEING.
 11547 | Lair:5   | 11547 ||| FLEEEEING.
 11548 | Lair:5   | 11548 ||| FLEEEEING.
 11549 | Lair:5   | 11549 ||| FLEEEEING.
 11550 | Lair:5   | 11550 ||| FLEEEEING.
 11551 | Lair:5   | 11551 ||| FLEEEEING.
 11552 | Lair:5   | 11552 ||| FLEEEEING.
 11553 | Lair:5   | 11553 ||| FLEEEEING.
 11554 | Lair:5   | 11554 ||| FLEEEEING.
 11555 | Lair:5   | 11555 ||| FLEEEEING.
 11556 | Lair:5   | 11556 ||| FLEEEEING.
 11557 | Lair:5   | 11557 ||| FLEEEEING.
 11558 | Lair:5   | 11558 ||| FLEEEEING.
 11559 | Lair:5   | 11559 ||| FLEEEEING.
 11560 | Lair:5   | 11560 ||| INVOKING Heroism.
 11572 | Lair:5   | Reached skill level 15 in Fighting
 11637 | Lair:5   | 11637 ||| INVOKING Heroism.
 11638 | Lair:5   | 11638 ||| INVOKING Finesse.
 12034 | Lair:5   | Found a staircase to the Slime Pits.
 12320 | Lair:5   | 12320 ||| PLANNING D:1-11
 12320 | Lair:5   | 12320 ||| DROPPING +0 helmet of intelligence.
 12321 | Lair:5   | 12321 ||| UPGRADING to +0 troll leather armour.
 12331 | Lair:5   | 12331 ||| DROPPING +2 ring mail of cold resistance.
 12447 | D:10     | Entered Level 10 of the Dungeon
 12772 | D:10     | 12772 ||| Stepping ~*~*~tactically~*~*~ (outnumbered).
 13353 | D:10     | Reached skill level 9 in Dodging
 13491 | D:11     | 13491 ||| FLEEEEING.
 13492 | D:11     | 13492 ||| FLEEEEING.
 13592 | D:11     | 13592 ||| INVOKING Heroism.
 13651 | D:11     | 13651 ||| Stepping ~*~*~tactically~*~*~ (outnumbered).
 13652 | D:11     | 13652 ||| Stepping ~*~*~tactically~*~*~ (outnumbered).
 14207 | D:11     | 14207 ||| PLANNING D
 14352 | D:12     | Found a staircase to the Orcish Mines.
 14827 | D:12     | 14827 ||| INVOKING Heroism.
 14935 | D:12     | Found a bloodstained altar of Trog.
 15020 | D:12     | 15020 ||| INVOKING Heroism.
 15147 | D:12     | 15147 ||| READING 3 scrolls of identify.
 15147 | D:12     | 15147 ||| IDENTIFYING blue potion
 15353 | D:13     | 15353 ||| READING 3 scrolls of identify.
 15353 | D:13     | 15353 ||| IDENTIFYING grey potion
 15538 | D:13     | Reached skill level 16 in Fighting
 15623 | D:13     | 15623 ||| INVOKING Heroism.
 15669 | D:13     | 15669 ||| SWAPPING to +0 orcbow of freezing.
 15670 | D:13     | 15670 ||| DROPPING +11 sling of the Past {speed, Int+4
                  | Stlth+}.
 15671 | D:13     | 15671 ||| READING scroll of enchant weapon.
 15671 | D:13     | 15671 ||| ENCHANTING +0 orcbow of freezing.
 15673 | D:13     | Found a gate to the Vaults.
 15719 | D:13     | 15719 ||| DROPPING potion of attraction.
 15752 | D:14     | 15752 ||| PLANNING GAUNTLET
 15766 | D:14     | 15766 ||| Stepping ~*~*~tactically~*~*~ (outnumbered).
 15767 | D:14     | 15767 ||| Stepping ~*~*~tactically~*~*~ (outnumbered).
 15768 | D:14     | 15768 ||| Stepping ~*~*~tactically~*~*~ (outnumbered).
 15800 | D:14     | 15800 ||| Stepping ~*~*~tactically~*~*~ (outnumbered).
 15802 | D:14     | 15802 ||| Stepping ~*~*~tactically~*~*~ (outnumbered).
 15812 | D:14     | 15812 ||| INVOKING Heroism.
 15913 | D:14     | Received a gift from Okawaru
 16135 | D:14     | 16135 ||| INVOKING Heroism.
 16140 | D:14     | 16140 ||| INVOKING Finesse.
 16161 | D:14     | Reached XP level 15. HP: 86/105 MP: 16/22
 16284 | D:14     | 16284 ||| RIP GAUNTLET
 16290 | D:14     | 16290 ||| PLANNING D
 16312 | D:14     | 16312 ||| INVOKING Heroism.
 16786 | D:14     | 16786 ||| UPGRADING to +1 pair of boots.
 16791 | D:14     | 16791 ||| READING 3 scrolls of enchant armour.
 16791 | D:14     | 16791 ||| ENCHANTING +1 pair of boots.
 16795 | D:15     | Entered Level 15 of the Dungeon
 16798 | D:15     | 16798 ||| INVOKING Heroism.
 16803 | D:15     | Reached skill level 15 in Ranged Weapons
 16913 | D:15     | 16913 ||| INVOKING Heroism.
 16941 | D:15     | Found a staircase to the Depths.
 17011 | D:15     | 17011 ||| READING scroll of brand weapon.
 17011 | D:15     | 17011 ||| BRANDING +1 orcbow of freezing.
 17354 | D:15     | 17354 ||| PLANNING ORC
 17354 | D:15     | 17354 ||| DROPPING +6 ring of intelligence.
 17474 | Orc:1    | Entered Level 1 of the Orcish Mines
 17475 | Orc:1    | 17475 ||| INVOKING Heroism.
 17489 | Orc:1    | HP: 22/105 [orc warrior/+0 dire flail[an orc high priest]
                  | (6)]
 17489 | Orc:1    | HP: 6/105 [orc warrior/+0 flail of draining (8)]
 17490 | Orc:1    | 17490 ||| STAIRDANCE
 17490 | Orc:1    | Killed from afar by a smoke demon

Levels and vault maps discovered:
D:1:      wheals_arrival_linesprint, layout_basic, minmay_heptomino_l4
D:2:      cheibrodos_helix_gallery, layout_loops_ring, hex_medium,
          serial_bayou_crossing
D:3:      layout_rooms
D:4:      layout_rooms, nrook_campfire
D:5:      layout_loops_ring, mainiacjoe_overflow_paths,
          minmay_temple_entry_sparse_star
D:6:      layout_rooms, uniq_duvessa
D:7:      layout_cave_pools, nicolae_uskayaw_suspiria, dk_yredelemnul_ordeal,
          kennysheep_mini_moat, uniq_maggie, uniq_prince_ribbit1, uniq_menkaure
D:8:      layout_basic, gammafunk_temple_overflow_pools
D:9:      cheibrodos_statue_roulette, layout_irregular_city,
          nicolae_overflow_hallway_of_the_gods, lair_entry_dummy,
          nicolae_inconvenience_store, minmay_misc_feat_doors, uniq_harold
D:10:     layout_stronghold
D:11:     layout_cave_pods, nrook_guardian_serpent_double
D:12:     layout_basic, david_orc_4, trog_hazing_becter
D:13:     layout_cave_pools, david_vaults_5
D:14:     minmay_evil_eye, layout_small_grid, small_statue_alley_a,
          serial_co_window_serial, co_window_of_opportunity_a,
          co_window_corner_a, co_window_corner_a, co_window_paths_b,
          co_window_corner_a, co_window_paths_a, co_window_cross_2,
          co_window_2corner, co_window_broadway_a, co_window_corner_b,
          co_window_corner_ca, co_window_2corner, co_window_corner_ca,
          gauntlet_entry_generic
D:15:     grunt_enter_depths_giant_problem, layout_cave_pools,
          columned_hall_lemuel
Temple:   eino_wide_crystal_templ
Lair:1:   layout_roguey, infiniplex_staircase_pool_2, grunt_megastairs_4
Lair:2:   layout_long_grid, beast_lair_carwin_9, uniq_gastronok
Lair:3:   layout_small_grid, elwin_shoals_entry_stream,
          nicolae_snake_entry_warm_welcome, ebering_ghost_xom,
          serial_bayou_ford_a, serial_bayou_shore_a, uniq_rupert
Lair:4:   layout_long_grid, ebering_ghost_rock_garden, serial_bayou_shore_b
Lair:5:   grunt_lair_end_beastmaster, layout_layer_cave, slime_entry_1,
          basic_altar
Orc:1:    layout_caves

Skill      XL: |  1  2  3  4  5  6  7  8  9 10 11 12 13 14 15 |
---------------+----------------------------------------------+-----
Ranged Weapons | 3 4 5 6 8 9 10 12 14 15 | 15.7
Fighting       | 2 3 4 6 7 8 10 12 14 16 | 16.5
Armour         | 1 2 4 5 6 |  6.0
Dodging        | 2 4 5 6 8 10 | 10.0
Invocations    | 3 4 8 10 | 10.0
Spellcasting   | |  1.0
Hexes          | |  2.6

Action                     |  1- 3 |  4- 6 |  7- 9 | 10-12 | 13-15 || total
---------------------------+-------+-------+-------+-------+-------++-------
   Fire: Sling             |   134 |   129 |   257 |   594 |  1031 ||  2145
         Orcbow            |       |       |       |       |   202 ||   202
 Invoke: Heroism           |       |       |     7 |    28 |    22 ||    57
         Finesse           |       |       |       |       |     3 ||     3
    Use: Scroll            |     1 |     2 |     4 |     9 |    11 ||    27
         Potion            |       |     1 |     1 |     3 |     1 ||     6
 Armour: Robe              |    29 |       |     9 |       |       ||    38
         Ring mail         |    32 |    39 |    52 |    48 |   125 ||   296
         Troll leather arm |       |       |       |       |   124 ||   124
  Dodge: Dodged            |    48 |    27 |    53 |    83 |   578 ||   789
         Repelled          |       |       |       |       |     6 ||     6

Table legend:
 A = Non-vault XP
 B = Vault XP
 C = Vault XP percentage of total XP
 D = Non-vault monster count
 E = Vault monster count
 F = Vault count percentage of total count
                 A         B        C        D         E       F
            +---------+---------+-------+---------+---------+-------
      Total |   68890 |   29689 |  30.1 |     417 |      85 |  16.9
            +---------+---------+-------+---------+---------+-------
        D:1 |      51 |       7 |  12.1 |      28 |       4 |  12.5
        D:2 |      48 |      15 |  23.8 |      12 |       2 |  14.3
        D:3 |     125 |       0 |   0.0 |      25 |       0 |   0.0
        D:4 |     485 |       0 |   0.0 |      23 |       0 |   0.0
        D:5 |    1343 |     223 |  14.2 |      29 |       2 |   6.5
        D:6 |    1350 |       0 |   0.0 |      25 |       0 |   0.0
        D:7 |    1000 |     851 |  46.0 |      22 |       4 |  15.4
        D:8 |    1183 |       0 |   0.0 |       9 |       0 |   0.0
        D:9 |    4027 |    2910 |  41.9 |      23 |       6 |  20.7
       D:10 |    1765 |       0 |   0.0 |      16 |       0 |   0.0
       D:11 |    3566 |     457 |  11.4 |      29 |       1 |   3.3
       D:12 |    6507 |     693 |   9.6 |      16 |      21 |  56.8
       D:13 |    4071 |    4116 |  50.3 |      12 |       5 |  29.4
       D:14 |    6184 |    1074 |  14.8 |      19 |       2 |   9.5
       D:15 |    7621 |    1110 |  12.7 |      14 |       1 |   6.7
     Lair:1 |    4788 |    1154 |  19.4 |      15 |       4 |  21.1
     Lair:2 |    5318 |    3415 |  39.1 |      20 |       7 |  25.9
     Lair:3 |    3606 |    4169 |  53.6 |      17 |       8 |  32.0
     Lair:4 |    2996 |       0 |   0.0 |      18 |       0 |   0.0
     Lair:5 |   12737 |    9495 |  42.7 |      43 |      18 |  29.5
      Orc:1 |     119 |       0 |   0.0 |       2 |       0 |   0.0
            +---------+---------+-------+---------+---------+-------
